 Dungeon Crawl Stone Soup version 0.17.0-25-gefc9c12 (webtiles) character file.

30661 septik the Thaumaturge (level 13, -4/76 HPs)
             Began as a Deep Elf Fire Elementalist on Nov 19, 2015.
             Was a High Priest of Vehumet.
             Slain by a blink frog (8 damage)
             ... on level 8 of the Lair of Beasts.
             The game lasted 01:11:32 (22044 turns).

septik the Thaumaturge (DEFE)                      Turns: 22044, Time: 01:11:32

Health: -4/76      AC:  6    Str:  5    XL:     13   Next: 21%
Magic:  32/32      EV: 18    Int: 28    God:    Vehumet [*****.]
Gold:   924        SH:  0    Dex: 15    Spells: 7 memorised, 9 levels left

rFire  . . .     SeeInvis .     t - +5 mace "Demonslayer" {speed, *Confuse +Blink Stlth+}
rCold  + + .     Clarity  .     a - +0 robe
rNeg   . . .     SustAt   .     (no shield)
rPois  +         Gourm    .     y - +1 helmet
rElec  +         Spirit   .     o - +0 cloak "Odaet" {rElec rPois rC+ Int+2} (curse)
rCorr  .         Warding  .     r - +0 pair of gloves
rMut   .         Stasis   .     (no boots)
MR     +....                    w - amulet of faith
Stlth  +++.......               b - ring of protection from cold
                                h - +4 ring of evasion

@: somewhat resistant to hostile enchantments, fairly stealthy
A: no striking features
a: Renounce Religion, Evoke Blink


You were on level 8 of the Lair of Beasts.
You worshipped Vehumet.
Vehumet was extremely pleased with you.
You were hungry.

You visited 3 branches of the dungeon, and saw 18 of its levels.
You also visited: Labyrinth.

You collected 1044 gold pieces.
You spent 120 gold pieces at shops.

Inventory:

Hand Weapons
 t - the +5 mace "Demonslayer" (weapon) {speed, *Confuse +Blink Stlth+}
   (You found it on level 4 of the Lair of Beasts)

   Attacks with this weapon are significantly faster.
   It lets you blink.
   It may confuse you when you take damage.
   It makes you more stealthy.
 C - the +4 falchion of the Warrior {freeze, *Drain +Inv rN+ MP+9, unknown}
   (You took it off a minotaur in a labyrinth)

   It has been specially enchanted to freeze those struck by it, causing extra
   injury to most foes and up to half again as much damage against particularly
   susceptible opponents.
   It can also slow down cold-blooded creatures.
   It protects you from negative energy.
   It affects your magic capacity (+9).
   It lets you turn invisible.
   It causes draining when unequipped.
 D - a +4 whip of electrocution
 K - a +0 war axe of distortion
Missiles
 j - 408 stones (quivered)
Armour
 a - a +0 robe (worn)
 o - the cursed +0 cloak "Odaet" (worn) {rElec rPois rC+ Int+2}
   (You found it on level 1 of the Lair of Beasts)

   It affects your intelligence (+2).
   It protects you from cold.
   It insulates you from electricity.
   It protects you from poison.
   It has a curse placed upon it.
 r - a +0 pair of gloves (worn)
 y - a +1 helmet (worn)
 J - a +0 plate armour of cold resistance
 L - the +0 scale mail of Dediptu {rN+ Str+4, unknown}
   (You found it in a labyrinth)

   It affects your strength (+4).
   It protects you from negative energy.
Jewellery
 b - a ring of protection from cold (right hand)
 h - a +4 ring of evasion (left hand)
 k - an uncursed ring of see invisible
 u - an uncursed ring of positive energy
 w - an amulet of faith (around neck)
 M - an uncursed ring of ice
Wands
 f - a wand of slowing (30)
 l - a wand of teleportation (2)
 H - a wand of lightning (8)
 I - a wand of digging (6)
 N - a wand of draining (11)
 R - a wand of teleportation (4)
 U - a wand of paralysis (12)
 Y - a wand of random effects (17)
Scrolls
 e - 7 scrolls of teleportation
 g - a scroll of brand weapon {unknown}
 m - 6 scrolls of identify
 n - 4 scrolls of blinking
 x - a scroll of torment {unknown}
 z - 4 scrolls of fog
 A - a scroll of immolation
 B - a scroll of enchant armour
 E - 5 scrolls of remove curse
 G - 3 scrolls of amnesia
 P - a scroll of fear {unknown}
 X - a scroll of silence {unknown}
Potions
 p - 7 potions of curing
 q - a potion of flight
 F - 2 potions of lignification
 O - 3 potions of haste
 Q - a potion of brilliance
 S - a potion of berserk rage {unknown}
 T - 2 potions of might {unknown}
 V - a potion of invisibility {unknown}
Books
 v - a book of Unlife

   Spells                             Type                      Level
   a - Recall                         Summoning/Translocation      3
   b - Animate Dead                   Necromancy                   4
   c - Control Undead                 Necromancy                   4
   d - Cigotuvi's Embrace             Necromancy                   5
   e - Death Channel                  Necromancy                   6
   f - Simulacrum                     Ice/Necromancy               6
Comestibles
 c - 11 bread rations
 d - 5 meat rations
 i - 2 slices of pizza
 s - 12 fruits
 W - 11 chunks of flesh


   Skills:
 + Level 6.8 Fighting
 + Level 10.5 Dodging
 - Level 2.4 Stealth
 * Level 13.3 Spellcasting
 - Level 8.0 Conjurations
 - Level 10.0 Charms
 - Level 12.0 Fire Magic
 - Level 7.7 Air Magic


You had 9 spell levels left.
You knew the following spells:

 Your Spells              Type           Power        Failure   Level  Hunger
a - Flame Tongue          Conj/Fire      #####        1%          1    None
b - Conjure Flame         Conj/Fire      ######..     1%          3    None
c - Sticky Flame          Conj/Fire      ######..     1%          4    None
d - Fireball              Conj/Fire      ######....   1%          5    ##.....
e - Deflect Missiles      Chrm/Air       ######....   14%         6    ####...
f - Bolt of Magma         Conj/Fire/Erth ######....   1%          5    ##.....
g - Iskenderun's Battles  Conj/Chrm      ######..     1%          5    ##.....


Dungeon Overview and Level Annotations

Branches:
Dungeon (9/15)             Temple (1/1) D:6            Lair (8/8) D:9
  Swamp (0/4) Lair:6        Snake (0/4) Lair:3        Slime (0/6) Lair:8
    Orc: D:9-12

Altars:
Ashenzari
Cheibriados
Dithmenos
Elyvilon
Fedhas
Gozag
Kikubaaqudgha
Makhleb
Nemelex Xobeh
Okawaru
Qazlal
Ru
Sif Muna
Trog
Vehumet
Xom
Yredelemnul
Zin
The Shining One

Shops:
D:7 *

Annotations:
D:5 septik's ghost, novice DEFE
Lair:6 !death yaks


Message History

The blink frog blinks!
The blink frog barely misses you.
The blink frog blinks!
The elephant tramples the fungus!
The elephant trunk-slaps the fungus.
Something tramples the fungus!
Something trunk-slaps the fungus.
The elephant tramples the fungus.
The elephant trunk-slaps the fungus.
The elephant tramples you but does no damage.
The elephant completely misses you.
The blink frog blinks!
Something tramples the fungus!
Something trunk-slaps the fungus.
The elephant tramples the fungus!
The elephant trunk-slaps the fungus.
Something tramples the fungus.
Something trunk-slaps the fungus.
The elephant tramples you!
* * * LOW HITPOINT WARNING * * *
You stumble backwards!
Something tramples the fungus!
Something trunk-slaps the fungus.
Something tramples the fungus!
Something trunk-slaps the fungus.
There is a stone staircase leading up, spattered with blood here.
The blink frog hits you!
* * * LOW HITPOINT WARNING * * *
The blink frog blinks!
The blink frog hits you!
You die...

#............Y.ยง@F...#..
#................#.#.
.#...............###
#................#
#.................#
.................#..
#...........(..###..
............## #.
.......#.##


You could see 2 elephants, a fire crab, 2 blink frogs and 3 sheep.

Vanquished Creatures
  A minotaur (Lab)
  4 hydras
  7 death yaks
  Pikel (D:5)
  A griffon (Lair:3)
  Joseph (D:7)
  8 spiny frogs
  3 black mambas
  8 komodo dragons
  A fire drake (Lair:8)
  The ghost of septik the Cudgeler, a novice GrFi of Okawaru (D:7)
  2 polar bears (Lair:4)
  12 blink frogs
  A wyvern (D:7)
  Sigmund (D:4)
  31 yaks
  2 basilisks (Lair:4)
  8 wolves
  Menkaure (D:7)
  4 hippogriffs
  Edmund (D:6)
  13 water moccasins
  Duvessa (D:7)
  2 orc warriors
  5 porcupines
  A necrophage (D:7)
  A slave (D:5)
  2 phantoms
  3 ogres
  4 centaurs
  10 crocodiles
  Dowan (D:7)
  13 giant frogs
  A wyvern skeleton (D:7)
  3 scorpions
  A water moccasin skeleton (D:9)
  2 electric eels
  5 hounds
  A jelly (D:5)
  2 centaur skeletons
  3 crimson imps
  A giant frog zombie (D:7)
  2 giant frog skeletons
  7 orc priests
  7 iguanas
  7 worker ants
  6 orc wizards
  2 hound zombies
  A killer bee zombie (D:8)
  6 gnolls
  8 adders
  43 river rats
  3 shadow imps
  2 oozes
  2 worms
  5 giant geckos
  24 orcs
  6 bats
  8 giant cockroaches
  8 hobgoblins
  13 jackals
  2 ball pythons
  A giant cockroach zombie (D:6)
  4 giant newts
  16 goblins
  A jackal skeleton (D:6)
  12 kobolds
  2 quokkas
  2 quokka zombies
  8 rats
  6 bushes (Lair:6)
388 creatures vanquished.

Vanquished Creatures (others)
  A slave (D:5)
  19 fungi
  10 plants
30 creatures vanquished.

Grand Total: 418 creatures vanquished

Notes
Turn   | Place    | Note
--------------------------------------------------------------
     0 | D:1      | septik the Deep Elf Fire Elementalist began the quest for the Orb.
     0 | D:1      | Reached XP level 1. HP: 10/10 MP: 6/6
   122 | D:1      | Reached XP level 2. HP: 15/15 MP: 5/8
   523 | D:1      | Reached XP level 3. HP: 19/19 MP: 5/9
   695 | D:1      | Learned a level 3 spell: Conjure Flame
   729 | D:1      | Reached skill level 4 in Fire Magic
  1478 | D:3      | Reached XP level 4. HP: 24/24 MP: 8/11
  2592 | D:3      | Reached skill level 5 in Fire Magic
  2601 | D:3      | Reached XP level 5. HP: 28/28 MP: 0/12
  3035 | D:4      | Noticed Sigmund
  3038 | D:4      | Found a bloodstained altar of Trog.
  3179 | D:4      | Reached XP level 6. HP: 28/32 MP: 10/14
  3416 | D:4      | Killed Sigmund
  3416 | D:4      | Reached skill level 6 in Fire Magic
  3492 | D:4      | Reached skill level 5 in Spellcasting
  3492 | D:4      | Reached XP level 7. HP: 34/36 MP: 12/16
  3558 | D:4      | Reached skill level 5 in Conjurations
  3838 | D:4      | Found an ancient bone altar of Kikubaaqudgha.
  4449 | D:5      | Entered Level 5 of the Dungeon
  4485 | D:4      | Reached skill level 7 in Fire Magic
  4547 | D:4      | Learned a level 4 spell: Sticky Flame
  4553 | D:4      | Learned a level 5 spell: Fireball
  5372 | D:5      | Noticed Pikel
  5389 | D:5      | Noticed septik's ghost (novice DEFE)
  5719 | D:5      | Reached XP level 8. HP: 28/41 MP: 18/18
  6392 | D:5      | Killed Pikel
  6392 | D:5      | Reached skill level 8 in Fire Magic
  7109 | D:6      | Noticed Edmund
  7128 | D:6      | Killed Edmund
  7128 | D:6      | Reached skill level 9 in Fire Magic
  7204 | D:6      | Found a shattered altar of Ashenzari.
  7289 | D:6      | Reached XP level 9. HP: 45/45 MP: 17/21
  7308 | D:6      | Learned a level 6 spell: Deflect Missiles
  7615 | D:6      | Reached skill level 1 in Air Magic
  7648 | D:6      | Found a staircase to the Ecumenical Temple.
  7658 | Temple   | Entered the Ecumenical Temple
  7731 | Temple   | Became a worshipper of Vehumet
  8288 | D:7      | Noticed Duvessa
  8293 | D:7      | Noticed Dowan
  8298 | D:7      | Killed Duvessa
  8300 | D:7      | Noticed septik's ghost (novice GrFi)
  8438 | D:7      | Found Jekoed's General Store.
  8443 | D:7      | Bought a potion of curing for 36 gold pieces
  8443 | D:7      | Bought a scroll of identify for 24 gold pieces
  8443 | D:7      | Bought a scroll of teleportation for 36 gold pieces
  8443 | D:7      | Bought a scroll of identify for 24 gold pieces
  8463 | D:7      | Noticed Joseph
  8609 | D:7      | You fall through a shaft!
  8846 | D:7      | Noticed Menkaure
  8857 | D:7      | Killed Menkaure
  8961 | D:7      | Killed Dowan
  8961 | D:7      | Reached * piety under Vehumet
  8961 | D:7      | Offered knowledge of Shock by Vehumet.
  9110 | D:7      | Killed septik's ghost
  9155 | D:7      | Reached skill level 5 in Air Magic
  9447 | D:7      | Reached skill level 10 in Fire Magic
  9895 | D:8      | Reached ** piety under Vehumet
 10108 | D:8      | Reached XP level 10. HP: 37/50 MP: 19/24
 10349 | D:7      | Killed Joseph
 10349 | D:7      | Offered knowledge of Sting by Vehumet.
 10642 | D:9      | Found a staircase to the Lair.
 11483 | Lair:1   | Entered Level 1 of the Lair of Beasts
 11638 | Lair:1   | Offered knowledge of Static Discharge by Vehumet.
 11699 | Lair:1   | Reached skill level 1 in Charms
 11786 | Lair:1   | Reached *** piety under Vehumet
 12312 | Lair:1   | Noticed a six-headed hydra
 12332 | Lair:1   | Killed a six-headed hydra
 12332 | Lair:1   | Reached skill level 10 in Spellcasting
 12332 | Lair:1   | Reached skill level 5 in Charms
 12436 | Lair:1   | Got a faintly humming cloak
 12442 | Lair:1   | Identified the cursed +0 cloak "Odaet" {rElec rPois rC+ Int+2} (You found it on level 1 of the Lair of Beasts)
 12553 | Lair:1   | Reached skill level 11 in Fire Magic
 12566 | Lair:1   | Offered knowledge of Force Lance by Vehumet.
 12778 | Lair:1   | Noticed a black mamba
 12785 | Lair:1   | Killed a black mamba
 12905 | Lair:1   | Reached XP level 11. HP: 42/54 MP: 21/27
 13060 | Lair:2   | Reached **** piety under Vehumet
 13361 | Lair:2   | Reached skill level 1 in Fighting
 13363 | Lair:2   | Offered knowledge of Bolt of Magma by Vehumet.
 13374 | Lair:2   | Learned a level 5 spell: Bolt of Magma
 14072 | Lair:3   | Reached skill level 5 in Dodging
 14509 | Lair:3   | Noticed an eight-headed hydra
 14532 | Lair:3   | Killed an eight-headed hydra
 14652 | Lair:3   | Found a staircase to the Snake Pit.
 16280 | Lair:4   | Got a bloodstained mace
 16281 | Lair:4   | Identified the +5 mace "Demonslayer" {speed, *Confuse +Blink Stlth+} (You found it on level 4 of the Lair of Beasts)
 16581 | Lair:5   | Found a labyrinth entrance.
 16594 | Lab      | Entered a labyrinth
 16773 | Lab      | Noticed a minotaur
 16778 | Lab      | Killed a minotaur
 16778 | Lab      | Reached XP level 12. HP: 67/67 MP: 3/28
 16802 | Lab      | Got a bloodstained falchion {freeze}
 16809 | Lab      | Got a translucent scale mail
 17307 | Lair:5   | Reached skill level 5 in Fighting
 17358 | Lair:5   | Reached skill level 10 in Charms
 17875 | Lair:6   | Found a staircase to the Swamp.
 18101 | Lair:6   | Reached ***** piety under Vehumet
 18148 | Lair:5   | Offered knowledge of Iskenderun's Battlesphere by Vehumet.
 18229 | Lair:5   | Learned a level 5 spell: Iskenderun's Battlesphere
 18766 | Lair:6   | Reached skill level 12 in Fire Magic
 18806 | Lair:6   | Noticed a six-headed hydra
 20107 | Lair:6   | Killed a six-headed hydra
 20672 | Lair:6   | Reached skill level 10 in Dodging
 20985 | Lair:6   | Reached XP level 13. HP: 75/75 MP: 7/31
 21345 | Lair:8   | Entered Level 8 of the Lair of Beasts
 21358 | Lair:7   | Offered knowledge of Lightning Bolt by Vehumet.
 21358 | Lair:7   | Reached skill level 13 in Spellcasting
 21615 | Lair:8   | Found a staircase to the Slime Pits.
 22044 | Lair:8   | Slain by a blink frog

Action                   |  1- 3 |  4- 6 |  7- 9 | 10-12 | 13-15 || total
-------------------------+-------+-------+-------+-------+-------++-------
Melee: Unarmed           |     3 |       |       |       |       ||     3
       Whip              |     2 |     8 |    43 |    61 |       ||   114
       Mace              |       |       |       |    99 |    22 ||   121
Throw: Stone             |     1 |     1 |     3 |    12 |     1 ||    18
 Cast: Flame Tongue      |    76 |   118 |   277 |   431 |    11 ||   913
       Conjure Flame     |     2 |     6 |     7 |     6 |       ||    21
       Sticky Flame      |       |       |     9 |    94 |    13 ||   116
       Fireball          |       |       |    13 |    47 |    14 ||    74
       Iskenderun's Batt |       |       |       |     5 |       ||     5
       Bolt of Magma     |       |       |       |     1 |     2 ||     3
Evoke: Wand              |       |       |       |     1 |       ||     1
  Use: Potion            |       |       |     4 |       |       ||     4
       Scroll            |       |       |       |    26 |       ||    26
 Stab: Sleeping          |       |       |       |     1 |       ||     1
  Eat: Chunk             |     2 |     6 |    23 |    35 |     2 ||    68
       Pizza             |       |       |     1 |       |       ||     1
       Fruit             |       |       |       |     1 |       ||     1
       Meat ration       |       |       |       |     1 |       ||     1
